Cogmind - Beta 16 @@@ ROGUE MODE // 2026.01.02 @ 23:59:20 Player: KZ_RAD Result: Destroyed by G-47 Trooper with Particle Gun Performance ------------- Evolutions (2) 1000 Regions Visited (3) 600 Robots Destroyed (20) 100 Value Destroyed (363) 363 Prototype IDs (0) 0 Alien Tech Used (0) 0 Bonus (0) 0 TOTAL SCORE: 2063 Bonus ------- None Cogmind --------- Core Integrity 0/550 Matter 300/300 Energy 100/100 System Corruption 0% Temperature Cool (27) Movement Core (50) Location -8/Materials Parts ------- > --- POWER (1) -------- (None) > --- PROPULSION (3) --- (None) > --- UTILITY (5) ------ Improved Targeting Computer Improved Targeting Computer > --- WEAPON (2) ------- (None) > --- INVENTORY (5) ---- Wheel Peak State ------------ > --- POWER ------------ Improved Ion Engine > --- PROPULSION ------- Compact Wheel Compact Wheel Compact Wheel > --- UTILITY ---------- Structural Scanner Improved Targeting Computer Improved Targeting Computer Recoil Stabilizer High-powered Tractor Beam > --- WEAPON ----------- Heavy Assault Rifle Heavy Assault Rifle > --- INVENTORY -------- Wheel [Rating: 20] Favorites ----------- Power Improved Ion Engine Engine Improved Ion Engine Propulsion Compact Wheel Wheel Compact Wheel Utility Improved Targeting Computer Device Structural Scanner Processor Improved Targeting Computer Weapon Heavy Assault Rifle Ballistic Gun Heavy Assault Rifle Build | -11 -10 -9 -8 ------- Run | Yrd Mat Mat Mat Slots Evolved 4 | . . 2 2 Power . | . . . . Propulsion 1 | . . . 1 Utility 3 | . . 2 1 Weapon . | . . . . Parts Attached 21 | 6 . 12 3 Power 3 | 1 . 2 . Engine 3 | 1 . 2 . Core . | . . . . Reactor . | . . . . Propulsion 6 | 2 . 3 1 Treads . | . . . . Leg . | . . . . Wheel 6 | 2 . 3 1 Hover . | . . . . Flight . | . . . . Utility 6 | 1 . 3 2 Device 4 | 1 . 1 2 Storage . | . . . . Processor 2 | . . 2 . Hackware . | . . . . Protection . | . . . . Artifact . | . . . . Weapon 6 | 2 . 4 . Energy Gun . | . . . . Energy Cannon . | . . . . Ballistic Gun 6 | 2 . 4 . Ballistic Cannon . | . . . . Launcher . | . . . . Special Weapon . | . . . . Impact Weapon . | . . . . Slashing Weapon . | . . . . Piercing Weapon . | . . . . Special Melee Weapon . | . . . . Unidentified Prototypes . | . . . . Parts Lost 12 | . . 3 9 Power 1 | . . . 1 Propulsion 5 | . . 2 3 Utility 4 | . . 1 3 Weapon 2 | . . . 2 Highest Loss Streak 7 | . . 2 7 To Critical Strikes . | . . . . Average Backups 1 | 1 2 1 1 Power . | . 1 . . Propulsion . | . 1 1 1 Utility . | . . . . Weapon . | . . . . Tool/Special . | . . . . Unused Backups 2 | . . 1 1 Power 1 | . . 1 . Propulsion . | . . . . Utility . | . . . . Weapon 1 | . . . 1 Tool/Special . | . . . . Average Slot Usage (%) 87 | . 85 85 91 Engine 10 | . 14 11 9 Wheel 23 | . 28 20 24 Device 18 | . 14 16 21 Processor 14 | . . 15 18 Ballistic Gun 21 | . 28 22 17 Peak Build Rating 20 | 6 6 14 20 Average Rating 12 | 4 6 11 17 On Entrance 6 | . 6 6 13 Avg Prop Armor Cover (%) . | . . . . Naked Turns . | . . . . Heaviest Build 16 | 6 6 15 16 Greatest Support 48 | 26 26 32 48 Greatest Overweight (x) . | . . . . Average Overweight (x) . | . . . . Largest Inventory Capacity 5 | 5 5 5 5 Average Capacity 5 | 5 5 5 5 Most Carried 3 | 3 2 3 3 Average Carried 1 | 1 2 1 1 Final Capacity 5 | 5 5 5 5 Final Carried 2 | 2 2 2 1 Class Distribution -------------------- 72% | Scavenger-Mutant 27% | Mutant Dominant Class ---------------- Mutant | -10/Materials Scavenger-Mutant | -9/Materials Scavenger-Mutant | -8/Materials Resources | -11 -10 -9 -8 ----------- Run | Yrd Mat Mat Mat Matter Collected 717 | 268 . 362 87 Remotely 326 | 10 . 229 87 Salvage Created 845 | 86 . 678 81 Parts 48 | 2 . 39 7 Haulers Intercepted 1 | . . . 1 Recyclers Shooed 2 | . . 2 . Parts Field Recycled . | . . . . Retrieved Matter . | . . . . Parts Self-Destructed . | . . . . Prevented . | . . . . Parts Restored . | . . . . Kills | -11 -10 -9 -8 ------- Run | Yrd Mat Mat Mat Combat Hostiles Destroyed 8 | . . 8 . Guns 8 | . . 8 . Classes Destroyed 9 | 1 . 6 2 Worker 1 | . . 1 . Builder 2 | . . 2 . Tunneler 1 | . . . 1 Hauler 1 | . . . 1 Recycler 5 | 1 . 4 . Watcher 2 | . . 2 . Swarmer 2 | . . 2 . Grunt 2 | . . 2 . Sentry 4 | . . 4 . Best Kill Streak 6 | 1 . 6 2 Combat Bots Only 4 | . . 4 . Max Kills in Single Turn 1 | 1 . 1 1 Gunslinging . | . . . . Exploded . | . . . . Melee . | . . . . Uniques/NPCs Destroyed . | . . . . Combat | -11 -10 -9 -8 -------- Run | Yrd Mat Mat Mat Hostile Shots Fired 149 | . 6 54 89 Missed 47 | . 4 18 25 Hits 102 | . 2 36 64 Projectile 102 | . 2 36 64 Critical Strikes 4 | . . . 4 Damage Taken 1556 | . 27 476 1053 Core 670 | . . 108 562 Absorbed by Shields . | . . . . Core Remaining (%) 91 | 100 100 73 . Volleys Fired 57 | 4 1 42 10 Largest 2 | 2 2 2 2 Hottest 46 | 40 40 46 46 Shots Fired 113 | 8 2 84 19 Gun 113 | 8 2 84 19 Cannon . | . . . . Launcher . | . . . . Special . | . . . . Kinetic 113 | 8 2 84 19 Thermal . | . . . . Explosive . | . . . . Electromagnetic . | . . . . Robot Hit Streak 10 | 2 . 9 10 Robot Miss Streak 3 | 1 2 2 3 Penetration Max . | . . . . Secondary Targets 2 | . . 2 . Max Gunslinging Chain 1 | . . 1 . Shots Hit Robots 75 | 4 . 57 14 Core Hits 33 | 2 . 26 5 Critical Kills 1 | . . 1 . Critical Parts Destroyed 1 | . . 1 . Critical Strikes 2 | . . 2 . Destroy 2 | . . 2 . Melee Attacks . | . . . . Impact . | . . . . Slashing . | . . . . Piercing . | . . . . Sneak Attacks . | . . . . Combat Hostiles . | . . . . Follow-up Attacks . | . . . . Damage Inflicted 1119 | 34 . 839 246 Guns 1116 | 34 . 836 246 Cannons . | . . . . Explosions . | . . . . Melee . | . . . . Ramming 3 | . . 3 . Kinetic 1116 | 34 . 836 246 Thermal . | . . . . Explosive . | . . . . Electromagnetic . | . . . . Impact . | . . . . Slashing . | . . . . Piercing . | . . . . Highest Corruption . | . . . . Average Corruption . | . . . . Corruption Purged . | . . . . Corruption Blocked . | . . . . Overload Shots . | . . . . Overflow Damage . | . . . . Projectiles . | . . . . Explosions . | . . . . Melee . | . . . . Knockbacks . | . . . . Impact . | . . . . Kinetic . | . . . . Secondary . | . . . . Self-Inflicted Damage 1 | . . 1 . Shots . | . . . . Rammed 1 | . . 1 . Targets Rammed 1 | . . 1 . Kicked . | . . . . Crushed . | . . . . Highest Temperature 55 | . . 8 55 Average Temperature 14 | . . 3 22 Received Heat Transfer 777 | . 15 132 630 Siege Activations . | . . . . Martial Activations . | . . . . Shielding Activations . | . . . . Robots Disrupted . | . . . . Combat Hostiles . | . . . . Robots Corrupted . | . . . . Combat Hostiles . | . . . . Parts Fried . | . . . . Impact Corruptions . | . . . . Robots Melted . | . . . . Combat Hostiles . | . . . . Parts Melted . | . . . . Heat Transferred . | . . . . Parts Sabotaged . | . . . . Parts Stolen . | . . . . Parts Stripped . | . . . . Power Chain Reactions . | . . . . Alert | -11 -10 -9 -8 ------- Run | Yrd Mat Mat Mat Maximum Alert Level . | . . . . Low Security (%) 100 | 100 100 100 100 Level 1 . | . . . . Level 2 . | . . . . Level 3 . | . . . . Level 4 . | . . . . Level 5 . | . . . . High Security . | . . . . Max Security . | . . . . Peak Influence 116 | 5 70 116 48 Initial 48 | . . 25 48 Average 22 | 1 18 37 8 Influence Increases 488 | 5 90 304 89 Destroy 0b10 Robot/C 160 | . . 160 . Destroy 0b10 Robot/NC 60 | 5 . 45 10 Destroy Leader 56 | . . 54 2 Successful Hack 32 | . . . 32 Partial Spotted 15 | . . 15 . Lose Combat Pursuer 165 | . 90 30 45 Influence Decreases 488 | 5 30 248 205 Entered New Map 103 | . . 35 68 Time Decay 282 | 5 30 183 64 Lost Part 65 | . . 30 35 Purge Threat 38 | . . . 38 Squads Dispatched 5 | . 1 . 4 Investigation 3 | . 1 . 2 Extermination . | . . . . Reinforcement 2 | . . . 2 Assault . | . . . . Garrison . | . . . . Intercept . | . . . . Searches Triggered . | . . . . Construction Impeded . | . . . . Haulers Reinforced . | . . . . Active Scanning Responses . | . . . . Cargo Convoy Interrupts . | . . . . Stealth | -11 -10 -9 -8 --------- Run | Yrd Mat Mat Mat Distress Signals 4 | . 1 1 2 Communications Jammed . | . . . . Distress Signals . | . . . . Times Spotted 48 | . 8 16 24 Peak Tracking Total 14 | . 5 6 14 Tactical Retreats 4 | . 2 1 1 Traps | -11 -10 -9 -8 ------- Run | Yrd Mat Mat Mat Traps Triggered 1 | . . . 1 Indirectly . | . . . . Trap Hack Attempts . | . . . . Triggered . | . . . . Disarmed . | . . . . Reprogrammed . | . . . . Reused . | . . . . Traps Extracted . | . . . . Installed . | . . . . Triggered . | . . . . Machines | -11 -10 -9 -8 ---------- Run | Yrd Mat Mat Mat Machines Disabled . | . . . . Max in Single Turn . | . . . . Machines Repaired . | . . . . Machines Dismantled . | . . . . Machines Sabotaged . | . . . . Overloaded Fab Kills . | . . . . Hacking | -11 -10 -9 -8 --------- Run | Yrd Mat Mat Mat Machines Accessed 9 | . 1 2 6 Terminals 7 | . 1 1 5 Fabricators . | . . . . Repair Stations . | . . . . Recycling Units 2 | . . 1 1 Scanalyzers . | . . . . Garrison Access . | . . . . Total Hacks 22 | . 2 2 18 Successful 9 | . . 2 7 Failed 13 | . 2 . 11 Catastrophic 2 | . 1 . 1 Database Lockouts . | . . . . Manual . | . . . . Terminals 18 | . 2 1 15 Fabricators . | . . . . Repair Stations . | . . . . Recycling Units 4 | . . 1 3 Scanalyzers . | . . . . Garrison Access . | . . . . Terminal Hacks 5 | . . 1 4 Record 3 | . . 1 2 Scanalyzer Index 1 | . . . 1 Unreport Threat 1 | . . . 1 Fabricator Hacks . | . . . . Repair Station Hacks . | . . . . Recycling Unit Hacks 4 | . . 1 3 Report Inventory 2 | . . 1 1 Retrieve Matter 1 | . . . 1 Retrieve Components 1 | . . . 1 Scanalyzer . | . . . . Garrison Access Hacks . | . . . . Unauthorized Hacks . | . . . . Terminals . | . . . . Fabricators . | . . . . Repair Stations . | . . . . Recycling Units . | . . . . Scanalyzers . | . . . . Garrison Access . | . . . . Data Cores Recovered . | . . . . Used . | . . . . Hacking Detections 6 | . 1 1 4 Full Trace Events 2 | . 1 . 1 Feedback Events . | . . . . Feedback Blocked . | . . . . Robot Schematics Acquired . | . . . . Robots Built . | . . . . Authchips . | . . . . Time . | . . . . Total Robot Build Rating . | . . . . Part Schematics Acquired . | . . . . Parts Built . | . . . . Authchips . | . . . . Time . | . . . . Total Part Build Rating . | . . . . Part Studies Acquired . | . . . . Parts Repaired . | . . . . Time . | . . . . Parts Recycled . | . . . . Recycled Matter . | . . . . Retrieved Matter . | . . . . Retrieved Components 3 | . . . 3 Parts Scanalyzed . | . . . . Part Schematics Acquired . | . . . . Parts Damaged . | . . . . Bothacking | -11 -10 -9 -8 ------------ Run | Yrd Mat Mat Mat Used RIF Installer . | . . . . Robots Hacked . | . . . . Non-combat . | . . . . Combat . | . . . . Robot Hacks Applied . | . . . . Relay Couplers Released . | . . . . Fabnet Peak Effective % . | . . . . Robots Rewired . | . . . . Allies Hacked . | . . . . Hacks Repelled . | . . . . Allies | -11 -10 -9 -8 -------- Run | Yrd Mat Mat Mat Total Allies . | . . . . Largest Group . | . . . . Highest-Rated Group . | . . . . Highest-Rated Ally . | . . . . Total Orders . | . . . . Ally Attacks . | . . . . Total Damage . | . . . . Kills . | . . . . Allies Corrupted . | . . . . Allies Melted . | . . . . Intel | -11 -10 -9 -8 ------- Run | Yrd Mat Mat Mat Active Infowar (turns) 695 | . . 370 325 Structural 695 | . . 370 325 Robot Analysis Total . | . . . . Derelict Logs Recovered . | . . . . Drone Launches . | . . . . Drone Recoveries . | . . . . Exploration | -11 -10 -9 -8 ------------- Run | Yrd Mat Mat Mat Turns Passed 975 | 60 121 459 335 Spaces Moved 672 | 40 132 293 207 Core 2 | 2 . . . Treads . | . . . . Legs . | . . . . Wheels 670 | 38 132 293 207 Hover . | . . . . Flight . | . . . . Fastest Speed 50 | 50 90 90 100 Average Speed 96 | 88 90 97 100 Slowest Speed 100 | 100 90 100 100 Overloaded Moves . | . . . . Propulsion Burnouts . | . . . . Robots Hopped . | . . . . Potential Cave-ins . | . . . . Cave-ins Triggered . | . . . . Exploration Rate (%) 25 | 3 38 37 24 Regions Visited 3 Branch Regions . Pre-discovered Areas . | . . . . Known Exits Taken . | . . . . Unknown Exits Taken 3 | 1 1 1 . Scrap Searched . | . . . . Spaces Dug . | . . . . Terrain Destroyed . | . . . . Melee . | . . . . Projectile . | . . . . AOE . | . . . . Terrain Rammed . | . . . . Walls Destroyed . | . . . . Machines Disabled . | . . . . Actions | -11 -10 -9 -8 --------- Run | Yrd Mat Mat Mat Total 889 | 57 132 383 317 Wait 106 | . . 13 93 Move 669 | 39 131 292 207 Hop . | . . . . Pick Up 23 | 8 . 12 3 Fast Attach . | . . . . Attach 14 | 6 . 5 3 Detach . | . . . . Swap 11 | . . 11 . Drop 8 | . . 7 1 Fire 57 | 4 1 42 10 Melee . | . . . . Ram 1 | . . 1 . Kick . | . . . . Crush . | . . . . Escape Stasis . | . . . . Rewire . | . . . . Trap . | . . . . Miscellaneous . | . . . . Route ------- -11/Scrapyard -10/Materials -9/Materials (discovered 3 exits: *Mat / [*Min] / [*Sto]) -8/Materials History --------- Turn | Location | Event 29 | -11/Scrapyard | Discovered new exit (range 13) 61 | -11/Scrapyard | Entered Materials 174 | -10/Materials | Discovered new exit (range 10) 182 | -10/Materials | Entered another Materials area 182 | -9/Materials | Evolved 2 slots: Utility x2 218 | -9/Materials | Discovered new exit (range 10) 404 | -9/Materials | Discovered new exit (range 3) 497 | -9/Materials | Discovered new exit (range 16) 573 | -9/Materials | Build established: Scavenger-Mutant 641 | -9/Materials | Entered another Materials area 641 | -8/Materials | Evolved 2 slots: Propulsion x1, Utility x1 968 | -8/Materials | Core integrity fell below 50% 973 | -8/Materials | Core integrity fell below 20% 976 | -8/Materials | Destroyed by G-47 Trooper with Particle Gun Last Messages --------------- ALERT: Suspicious activity at Terminal M003. Dispatching Investigation squad. Terminal unresponsive. ALERT: Hostiles spotted, dispatching reinforcements to Terminal M004. K-01 Serf cleans the Terminal. Acquired 6 matter. Critical hit (Burn: +37). Acquired 6 matter. Hvy. Assault Rifle destroyed. Critical hit (Burn: +37). W-25 Informer sends out distress signal. Com. Wheel destroyed. Acquired 3 matter. Com. Wheel destroyed. Hvy. Assault Rifle destroyed. Hpw. Tractor Beam destroyed. Structural Scanner destroyed. Imp. Ion Engine destroyed. G-47 Trooper destroyed. Map ----- +----------------------------------------------------+ | ?????????????????????????????????????????????????? | | ?????????????????????????????????????????????????? | | ?????????????????????????????????????????????????? | | ?????????????????????????????????????????????????? | | ?????????????????????????????????????????????????? | | ?????????????????????????????????????????????????? | | ?????????????????????????????????????????????????? | | ?????????????????????????????????????????????????? | | ?????????????????????????????????????????????????? | | ?????????????????????????????????????????????????? | | ?????????????????????????????????????????????????? | | ?????????????????????????????????????????????????? | | ?????????????????????????????????????????????????? | | ?????????????????????????????????????????????????? | | ?????????????????????????????????????????????????? | | ???????????????????????????????????## ???????????? | | ???????????????????????????????????## ???????????? | | ???????????????????????????????? ?## #########??? | | ????????????????????????????????? ## #########??? | | ????????????????????? ?????????? ## ##??? | | ????????????????????? ?????????? + ##??? | | ????????????????????? ?????????? # ????? | | ?????????????"" "?? # # # #???? | | ?????????????"" # ############ ##???? | | ??????????????" + g ## #[[] #####? | | ??????????????????? # *%@ m """ #[[ ###### | | ??????????????????? # g=##ggggg""" #[] !### | | ??????????????????? #u ## g """ # !## | | ??????????????????? ## ###"" # !## | | ????????????????????## ###"T # "" !## | | ????????????????????## ###"" # "" !## | | ??? ################## ### g !# T" !### | | ? ##################"######Y###### "" ###### | | ? " "%#### t#####% ! "" | | = "%" " != = | | ? " T ! T | | ????"" """ !""######### #######+## | | ???""" """ =Y"##########+#### # | | " """ """ [""##?## # # | | ##?## # = # | | ##?## #""" # """ | | ############## ##?## #""" # """ | | ############## ##?## #""" # """ | | ????????????## ##?## #""" # | | ????????????## ##?## #""" # | | ????????????### ####?## # # | | ????????????### ####?##+##+###### = # ###### | | ?????????????## ##???## ## ##### # # # | | ?????????????## ##???## ## ###########+## + " # | | ?????????????## ##???## # ######### # T # | +----------------------------------------------------+ Best States ------------- Heat Dissipation 31 Energy Generation 12 Energy Capacity 265 Matter Stores 300 Matter Capacity 300 Sight Range 16 Terrain Scan Density 10 Evasion (%) 42 Targeting Accuracy 12 Recoil Reduction 4 Item Schematics ----------------- None Robot Schematics ------------------ None Fabricated ------------ Nothing Repaired ---------- Nothing Studied --------- None Alien Tech Used ----------------- None Achievements -------------- None Challenges ------------ None Game ------ Seed AntimissileCatalystCannon Manual? 0 Play Time 00:19:59 Cumulative 5.0 hours Start 2026.01.02 @ 23:40:53 End 2026.01.02 @ 23:59:20 Sessions 1 Manual Loads 0 Difficulty Rogue Special Mode None Game No. 11 Rogue 11 Adventurer 0 Explorer 0 Win Type - Total 0 Types 0/0/0/0/0/0/0/0/0/0 Lore% 5 Gallery% 8 Achievement% 9 Wizard Run 0 Options --------- Layout 1 ASCII 0 Keyboard 0 Movement Mouse Keybinds 0 Fullscreen 1 Font 32/SmallcapsGlow Map View 50x35 Zoom Use 0% Tactical HUD 0 Map Filters NONE Filters NONE Steam 1 RUN: df39a21d-202c-4e8a-aceb-8f5b6116bd7d